 Dungeon Crawl Stone Soup version 0.22-a0-596-gfbd32a6 (webtiles) character file.

1561 Supahsalami the Conjurer (level 8, 0/62 HPs)
             Began as a Yellow Draconian Fire Elementalist on July 5, 2018.
             Was a Follower of Vehumet.
             Slain by a killer bee (10 damage)
             ... on level 6 of the Dungeon.
             The game lasted 00:48:46 (9683 turns).

Supahsalami the Conjurer (DrFE)                     Turns: 9683, Time: 00:48:47

Health: 0/62       AC:  6    Str:  9    XL:     8   Next: 58%
Magic:  5/14       EV: 14    Int: 18    God:    Vehumet [*.....]
Gold:   282        SH:  2    Dex: 15    Spells: 10/16 levels left

rFire    . . .     SeeInvis .   v - +1 short sword (venom)
rCold    + + .     Gourm    .   (no shield)
rNeg     . . .     Faith    .   (armour unavailable)
rPois    .         Spirit   .   (helmet restricted)
rElec    .         Reflect  +   D - scarf {rC+ rF+}
rCorr    +         Harm     .   (no gloves)
MR       .....                  (no boots)
Stlth    +++.......             C - +2 amulet of reflection
HPRegen  0.60/turn              l - +4 ring of dexterity
MPRegen  0.14/turn              F - ring of ice

@: lethally poisoned (0 -> 0), short of breath
A: spit acid, acid resistance, unfitting armour, hooves 1, regeneration 1,
robust 1, weak 1, cold-blooded, AC +6
a: Breathe Acid, Renounce Religion


You were on level 6 of the Dungeon.
You worshipped Vehumet.
Vehumet was aware of your devotion.
You were hungry.

You visited 2 branches of the dungeon, and saw 8 of its levels.

You collected 282 gold pieces.

Inventory:

Hand Weapons
 c - a +0 spear
 v - a +1 short sword of venom (weapon)
 B - a cursed -2 short sword
Missiles
 y - 5 tomahawks (quivered)
 G - 2 javelins
Armour
 h - a +0 cloak
 D - a scarf of resistance (worn)
Jewellery
 l - a +4 ring of dexterity (left hand)
 C - a +2 amulet of reflection (around neck)
 E - an uncursed amulet of regeneration
 F - a ring of ice (right hand)
Wands
 s - a wand of scattershot (7)
Scrolls
 e - a scroll of enchant weapon {unknown}
 f - a scroll of amnesia
 g - 2 scrolls of teleportation
 j - a scroll of magic mapping {unknown}
 n - 5 scrolls of remove curse
 o - 3 scrolls of fear
 q - a scroll of random uselessness {unknown}
 x - a scroll of blinking {unknown}
 H - a scroll of enchant armour {unknown}
Potions
 a - 2 potions of lignification
 d - 2 potions of haste
 i - a potion of brilliance {unknown}
 k - a potion of agility {unknown}
 m - 2 potions of curing
 p - a potion of magic {unknown}
 r - a potion of degeneration {unknown}
 t - a potion of cancellation {unknown}
 u - a potion of flight {unknown}
 w - 2 potions of might {unknown}
 z - 2 potions of heal wounds
 A - a potion of berserk rage {unknown}
Comestibles
 b - 10 rations


   Skills:
 + Level 3.4 Dodging
 + Level 4.7 Stealth
 + Level 4.6 Spellcasting
 * Level 6.4 Conjurations
 + Level 5.5 Fire Magic


You had 10 spell levels left.
You knew the following spells:

 Your Spells              Type           Power        Failure   Level  Hunger
a - Flame Tongue          Conj/Fire      ####.        1%          1    None
b - Throw Flame           Conj/Fire      ####..       1%          2    #......
c - Conjure Flame         Conj/Fire      ####....     3%          3    ###....

Your spell library contained the following spells:

 Spells                   Type           Power        Failure   Level  Hunger
 Fireball                 Conj/Fire      ####......   32%         5    ######.
 Sticky Flame             Conj/Fire      ####....     12%         4    ####...
 Inner Flame              Hex/Fire       ##......     13%         3    ###....


Dungeon Overview and Level Annotations

Branches:
Dungeon (7/15)             Temple (1/1) D:5

Altars:
Ashenzari
Elyvilon
Fedhas
Gozag
Hepliaklqana
Kikubaaqudgha
Makhleb
Nemelex Xobeh
Okawaru
Qazlal
Sif Muna
Trog
Uskayaw
Vehumet
Wu Jian
Xom
Yredelemnul
Zin
The Shining One

Shops:
D:6 *

Annotations:
D:4 Edmund, Eustachio


Innate Abilities, Weirdness & Mutations

You can spit globs of acid.
You are resistant to acid.
Your golden yellow scales are hard. (AC +6)
You cannot fit into any form of body armour.
You are cold-blooded and may be slowed by cold attacks.
You have large cloven feet.
Your natural rate of healing is unusually fast.
You are robust. (+10% HP)
You are weak. (Str -2)


Message History

You feel better. The killer bee closely misses you.
The killer bee barely misses you. The killer bee misses you.
The killer bee closely misses you. The killer bee barely misses you.
The killer bee stings you but does no damage.
You block the killer bee's attack. The killer bee stings you.
* * * LOW HITPOINT WARNING * * *
The killer bee closely misses you. The killer bee closely misses you.
The killer bee barely misses you. The killer bee stings you.
* * * LOW HITPOINT WARNING * * *
The killer bee misses you. The killer bee stings you.
* * * LOW HITPOINT WARNING * * *
You are poisoned.
The killer bee poisons you!
You feel sick.
You feel sick. The killer bee closely misses you. The killer bee stings you!
You die...

.# .... #.......# .##
#..#####.......# ..#
#......>.......######## #.#
###..####.......###(....#
..###....#####..........§._.#
.†....##............###.....#
..........####y......########
#.#...#..## ##yy...##
#.......## ##@..##
##......##### #####
##...#......##
#..#.........###
..##....##.....#######
.###....####.........# ##
#....# ######....# #....#
#....# #....# ######


You could see 3 killer bees.

Vanquished Creatures
  2 ice beasts
  A sky beast (D:4)
  A phantom (D:5)
  An ogre (D:5)
  2 centaurs (D:5)
  A big kobold (D:5)
  A killer bee (D:6)
  4 crimson imps
  A centaur zombie (D:6)
  A hound (D:5)
  2 bullfrog skeletons
  A jelly (D:3)
  3 orc priests (D:4)
  An iguana (D:4)
  2 orc wizards (D:4)
  5 worker ants
  A hound skeleton (D:4)
  A hound zombie (D:5)
  A worker ant zombie (D:6)
  9 adders
  An ooze (D:3)
  An adder skeleton (D:6)
  An adder zombie (D:5)
  4 dart slugs
  2 leopard geckos
  16 orcs
  9 bats
  10 giant cockroaches
  7 goblins
  4 hobgoblins (D:3)
  13 jackals
  19 kobolds
  5 quokkas
  8 frilled lizards
  2 quokka skeletons
  7 rats
150 creatures vanquished.

Notes
Turn   | Place    | Note
-------+----------+-------------------------------------------
     0 | D:1      | Supahsalami the Draconian Fire Elementalist began the quest for the Orb.
     0 | D:1      | Reached XP level 1. HP: 14/14 MP: 3/3
   153 | D:1      | Reached XP level 2. HP: 20/20 MP: 1/5
   157 | D:1      | Learned a level 2 spell: Throw Flame
   803 | D:1      | Reached XP level 3. HP: 26/26 MP: 3/6
  1443 | D:2      | Reached skill level 2 in Conjurations
  1947 | D:2      | Found an iron altar of Okawaru.
  2463 | D:2      | Noticed a dagger
  2464 | D:2      | Found a hide-covered altar of Uskayaw.
  2464 | D:2      | Noticed a hand axe
  2794 | D:2      | Learned a level 3 spell: Conjure Flame
  2808 | D:3      | Noticed a sky beast
  2880 | D:3      | Reached XP level 4. HP: 33/33 MP: 0/7
  3587 | D:3      | Noticed an ice beast
  3950 | D:3      | Found a blossoming altar of Fedhas.
  4199 | D:3      | Reached XP level 5. HP: 38/38 MP: 2/9
  4602 | D:3      | Killed an ice beast
  4602 | D:3      | Reached skill level 3 in Conjurations
  5237 | D:4      | Gained mutation: Your mind is acute. (Int +2) [potion of mutation]
  5237 | D:4      | Gained mutation: Your magical capacity is low. (-10% MP) [potion of mutation]
  5237 | D:4      | Gained mutation: Your mind is very acute. (Int +4) [potion of mutation]
  5238 | D:4      | Lost mutation: Your mind is very acute. (Int +4) [potion of mutation]
  5238 | D:4      | Lost mutation: Your mind is acute. (Int +2) [potion of mutation]
  5238 | D:4      | Lost mutation: Your magical capacity is low. (-10% MP) [potion of mutation]
  5238 | D:4      | Gained mutation: You are robust. (+10% HP) [potion of mutation]
  5238 | D:4      | Gained mutation: You have large cloven feet. [potion of mutation]
  5238 | D:4      | Gained mutation: You are weak. (Str -2) [potion of mutation]
  5238 | D:4      | Gained mutation: Your natural rate of healing is unusually fast. [potion of mutation]
  5256 | D:4      | Reached XP level 6. HP: 49/49 MP: 1/10
  5714 | D:4      | Noticed Edmund
  5933 | D:4      | Reached skill level 4 in Conjurations
  6026 | D:4      | Noticed Eustachio
  6286 | D:4      | Found a shattered altar of Ashenzari.
  6663 | D:4      | Your scales start taking on a golden yellow colour.
  6663 | D:4      | Reached XP level 7. HP: 45/55 MP: 2/12
  6829 | D:4      | Found a white marble altar of Elyvilon.
  7079 | D:5      | Entered Level 5 of the Dungeon
  7781 | D:5      | Reached skill level 5 in Conjurations
  7979 | D:5      | Found a staircase to the Ecumenical Temple.
  7992 | D:5      | Reached skill level 5 in Fire Magic
  8125 | D:5      | Reached XP level 8. HP: 62/62 MP: 14/14
  8152 | D:5      | Found a radiant altar of Vehumet.
  8210 | Temple   | Entered the Ecumenical Temple
  8450 | D:5      | Became a worshipper of Vehumet
  8838 | D:4      | Reached skill level 6 in Conjurations
  9184 | D:6      | Found a bloodstained altar of Trog.
  9631 | D:6      | Found Sigump's General Store.
  9648 | D:6      | Reached * piety under Vehumet
  9648 | D:6      | Offered knowledge of Magic Dart by Vehumet.
  9683 | D:6      | Slain by a killer bee

Vault maps used:
D:1:      giann_wishing_wells, serial_forest, infiniplex_forest_lined_2,
          infiniplex_forest_fountain, infiniplex_forest_clump_small,
          infiniplex_forest_join, infiniplex_forest_clump_long,
          infiniplex_forest_end_3, infiniplex_forest_join,
          infiniplex_forest_lined_3_way
D:2:      dancing_weapons_uskayaw, lemuel_crystal_altar, first_ration,
          minmay_misc_feat_room
D:3:      fedhas_altar_1
D:4:      kennysheep_mini, elyvilon_altar_3, uniq_edmund, uniq_eustachio
D:5:      cheibrodos_thug_alley, lemuel_doored_altar, temple_statues
D:6:      grunt_dithmenos_smoke, serial_shops, shop, trog_book, uniq_menkaure,
          uniq_pikel, uniq_grinder, uniq_prince_ribbit1
D:7:      lemuel_ice_spiral_2, nicolae_ru_great_annihilating_truth,
          grunt_livestock, grunt_decor_one_mirror, uniq_duvessa
Temple:   minmay_temple_bridge_abc

Skill      XL: |  1  2  3  4  5  6  7  8 |
---------------+-------------------------+-----
Stealth        | 2 3 4 |  4.7
Conjurations   | 2 3 4 5 6 |  6.4
Spellcasting   | 3 4 |  4.6
Fire Magic     | 4 5 |  5.5
Dodging        | 2 3 |  3.4

Action                   |  1- 3 |  4- 6 |  7- 9 || total
-------------------------+-------+-------+-------++-------
Melee: Short sword       |    58 |    77 |    75 ||   210
       Tailslap          |     6 |     9 |    10 ||    25
       Kick              |       |    10 |    14 ||    24
       Spear             |       |    12 |       ||    12
Throw: Tomahawk          |       |       |    17 ||    17
       Javelin           |       |       |     2 ||     2
 Cast: Flame Tongue      |     9 |     1 |       ||    10
       Throw Flame       |    40 |   112 |    98 ||   250
       Conjure Flame     |       |     6 |       ||     6
 Abil: Breathe Acid      |       |       |     6 ||     6
  Use: Scroll            |       |     5 |     4 ||     9
       Potion            |       |     2 |     1 ||     3
  Eat: Chunk             |     6 |    14 |     7 ||    27
       Ration            |     1 |     1 |     2 ||     4
Armor: Skin              |    25 |    30 |    36 ||    91
Dodge: Dodged            |    49 |    54 |    79 ||   182
Block: Other             |       |       |     7 ||     7

Table legend:
 A = Spawn XP
 B = Non-spawn XP
 C = Spawn XP percentage of total XP
 D = Spawn monster count
 E = Non-spawn monster count
 F = Spawn count percentage of total count
 G = Total turns spent on level
                    A         B        C        D         E        F      G
               +---------+---------+-------+---------+---------+-------+---------
         Total |       0 |    2231 |   0.0 |       0 |     150 |   0.0 |  9683
               +---------+---------+-------+---------+---------+-------+---------
           D:1 |       0 |      45 |   0.0 |       0 |      24 |   0.0 |  1292
           D:2 |       0 |      49 |   0.0 |       0 |      16 |   0.0 |  1834
           D:3 |       0 |     257 |   0.0 |       0 |      35 |   0.0 |  2153
           D:4 |       0 |     528 |   0.0 |       0 |      32 |   0.0 |  2111
           D:5 |       0 |    1055 |   0.0 |       0 |      29 |   0.0 |  1557
           D:6 |       0 |     297 |   0.0 |       0 |      14 |   0.0 |   505
               +---------+---------+-------+---------+---------+-------+---------
